Cogmind - Beta 11 @@@ ROGUE MODE // 2022.03.19 @ 14:47:53 Player: veb_robotron Result: Destroyed by X-82 Rainmaker with Heavy Flak Cannon Performance ------------- Evolutions (6) 3000 Regions Visited (10) 2000 Robots Destroyed (76) 380 Value Destroyed (2582) 2582 Prototype IDs (7) 140 Alien Tech Used (0) 0 Bonus (957) 957 TOTAL SCORE: 9059 Bonus ------- High Alert Combat Kills 457 Entered DSFs 500 Cogmind --------- Core Integrity 0/1150 Matter 126/300 Energy 115/315 System Corruption 1% Temperature Critical (644) Movement Core (250) Ox4 Location -4/Factory Parts ------- > --- POWER (1) -------- Neutrino Core > --- PROPULSION (5) --- (None) > --- UTILITY (8) ------ Advanced Targeting Computer > --- WEAPON (5) ------- (None) > --- INVENTORY (5) ---- Improved Target Analyzer Recoil Nullifier Improved Medium Armor Plating Authchip [Armor] Peak State ------------ > --- POWER ------------ Angular Momentum Engine > --- PROPULSION ------- Improved Carbon-fiber Leg Flexi-carbon Leg Armored Leg Armored Leg > --- UTILITY ---------- Advanced Heat Sink Small Storage Unit Advanced Targeting Computer Weapon Cycler Advanced Reaction Control System Improved Medium Armor Plating Layered Medium Armor Plating Long-range Tractor Beam > --- WEAPON ----------- Heavy Laser Heavy Machine Gun KE Penetrator KE Penetrator Hardcell Cannon > --- INVENTORY -------- Neutrino Core Advanced Heat Sink Improved Target Analyzer Recoil Nullifier Improved Medium Armor Plating Point Defense System Authchip [Armor] KE Penetrator [Rating: 88] Favorites ----------- Power Light Deuterium Engine Engine Light Deuterium Engine Power Core Nuclear Core Propulsion Aluminum Leg Leg Aluminum Leg Utility Small Storage Unit Device Long-range Tractor Beam Storage Small Storage Unit Processor Advanced Targeting Computer Protection Medium Armor Plating Weapon Assault Cannon Energy Gun Heavy Laser Energy Cannon Particle Cannon Ballistic Gun KE Penetrator Ballistic Cannon Assault Cannon Launcher Improved Grenade Launcher Special Melee Weapon Improved Datajack Build | -11 -10 -9 -8 -8 -8 -6 -6 -5 -5 -4 ------- Run | Scr Mat Mat Mat Sto Rec Fac DSF Fac Ext Fac Slots Evolved 12 | . . 2 2 . . 4 . 2 . 2 Power . | . . . . . . . . . . . Propulsion 3 | . . 1 . . . 1 . . . 1 Utility 6 | . . 1 1 . . 2 . 1 . 1 Weapon 3 | . . . 1 . . 1 . 1 . . Parts Attached 92 | 8 4 13 6 14 5 5 17 6 7 7 Power 11 | 2 2 . 1 3 . . 1 . 1 1 Engine 9 | 2 2 . . 3 . . 1 . 1 . Core 2 | . . . 1 . . . . . . 1 Reactor . | . . . . . . . . . . . Propulsion 15 | 2 1 2 1 2 . . 5 1 1 . Treads . | . . . . . . . . . . . Leg 15 | 2 1 2 1 2 . . 5 1 1 . Wheel . | . . . . . . . . . . . Hover . | . . . . . . . . . . . Flight . | . . . . . . . . . . . Utility 30 | 2 1 2 3 3 1 2 6 4 2 4 Device 18 | 1 1 1 2 1 . . 5 3 . 4 Storage 1 | 1 . . . . . . . . . . Processor 3 | . . . . . 1 2 . . . . Hackware . | . . . . . . . . . . . Protection 8 | . . 1 1 2 . . 1 1 2 . Artifact . | . . . . . . . . . . . Weapon 36 | 2 . 9 1 6 4 3 5 1 3 2 Energy Gun 8 | 2 . 2 . . . 1 2 . 1 . Energy Cannon 6 | . . 3 . 1 . 1 . . . 1 Ballistic Gun 6 | . . 1 . . . . 2 1 2 . Ballistic Cannon 6 | . . . . 2 2 . 1 . . 1 Launcher 6 | . . 3 1 2 . . . . . . Special Weapon . | . . . . . . . . . . . Impact Weapon . | . . . . . . . . . . . Slashing Weapon . | . . . . . . . . . . . Piercing Weapon . | . . . . . . . . . . . Special Melee Weapon 4 | . . . . 1 2 1 . . . . Unidentified Prototypes 3 | . . 2 . 1 . . . . . . Parts Lost 28 | . 2 . . 1 . . 2 . 5 18 Power 3 | . 1 . . . . . . . 1 1 Propulsion 5 | . . . . . . . . . 1 4 Utility 10 | . 1 . . . . . 2 . . 7 Weapon 10 | . . . . 1 . . . . 3 6 Highest Loss Streak 18 | . 2 . . 1 . . 1 . 3 18 To Critical Strikes . | . . . . . . . . . . . Average Slot Usage (%) 97 | . 95 100 100 99 100 92 98 100 97 89 Engine 7 | . 14 11 . 7 9 6 6 5 5 4 Core 1 | . . . 8 1 . . . . . . Leg 26 | . 28 33 27 27 27 20 24 23 22 19 Device 16 | . 10 15 18 21 10 6 14 22 22 19 Storage 8 | . 14 11 9 9 9 6 6 5 5 4 Processor 4 | . . . . . 7 20 14 11 10 5 Protection 5 | . . 6 9 5 9 6 4 . 1 9 Energy Gun 5 | . 28 6 . . . 1 10 11 7 4 Energy Cannon 4 | . . 4 9 3 9 9 5 . . . Ballistic Gun 4 | . . 4 . . . . 1 17 18 14 Ballistic Cannon 6 | . . . . 14 17 13 8 . . 4 Launcher 4 | . . 6 18 6 . . . . . . Naked Turns . | . . . . . . . . . . . Heaviest Build 68 | 14 16 22 32 34 34 40 41 43 60 68 Greatest Support 70 | 20 20 33 40 43 40 40 66 68 70 70 Greatest Overweight (x) 4 | . . . . . . . 1 . . 4 Average Overweight (x) . | . . . . . . . . . . . Largest Inventory Capacity 8 | 8 8 8 8 8 8 8 8 8 8 8 Average Capacity 7 | 7 8 8 8 8 8 8 8 8 8 7 Most Carried 8 | 3 8 8 8 8 8 8 8 8 8 8 Average Carried 7 | 1 5 7 7 7 8 6 7 6 6 7 Final Capacity 8 | 8 8 8 8 8 8 8 8 8 8 5 Final Carried 8 | 2 8 8 6 8 8 7 8 7 8 4 Class Distribution -------------------- 33% | Mutant 20% | Gunner 12% | Scavenger-Gunner 10% | Scavenger-Tank 9% | Skirmisher 7% | Bomber 6% | Tank Dominant Class ---------------- Mutant | -10/Materials Mutant | -9/Materials Skirmisher | -8/Materials Mutant | -8/Storage Gunner | -8/Recycling Gunner | -6/Factory Gunner | -6/DSF Scavenger-Gunner | -5/Factory Scavenger-Gunner | -5/Extension Scavenger-Tank | -4/Factory Resources | -11 -10 -9 -8 -8 -8 -6 -6 -5 -5 -4 ----------- Run | Scr Mat Mat Mat Sto Rec Fac DSF Fac Ext Fac Matter Collected 2584 | 280 35 179 156 560 147 . 335 153 453 286 Remotely 1905 | . . . 103 546 147 . 275 103 453 278 Salvage Created 3267 | 91 86 395 152 514 346 . 611 303 508 261 Parts 184 | 5 9 21 18 41 9 . 22 14 25 20 Haulers Intercepted 6 | . . 2 1 3 . . . . . . Recyclers Shooed 3 | . . . . 1 1 . . . . 1 Parts Field Recycled . | . . . . . . . . . . . Retrieved Matter . | . . . . . . . . . . . Parts Self-Destructed . | . . . . . . . . . . . Prevented . | . . . . . . . . . . . Kills | -11 -10 -9 -8 -8 -8 -6 -6 -5 -5 -4 ------- Run | Scr Mat Mat Mat Sto Rec Fac DSF Fac Ext Fac Combat Hostiles Destroyed 49 | . 1 5 8 7 1 . 9 4 7 7 Guns 21 | . 1 2 . . . . 2 4 7 5 Cannons 21 | . . 2 2 7 1 . 7 . . 2 AOE 7 | . . 1 6 . . . . . . . Classes Destroyed 16 | 2 2 3 1 1 1 . 3 . 2 1 Worker 2 | . . . . 1 . . . 1 . . Builder 4 | . 1 . 1 1 . . . . . 1 Tunneler 4 | 2 1 1 . . . . . . . . Hauler 6 | . . 2 1 3 . . . . . . Recycler 7 | 1 . 1 . . 5 . . . . . Operator 1 | . . . . . . . . . . 1 Drone 1 | . . . . . 1 . . . . . Watcher 3 | . . 1 1 1 . . . . . . Swarmer 8 | . . . 4 . . . . . . 4 Grunt 16 | . 1 2 2 1 . . 5 3 2 . Brawler 1 | . . . . . . . 1 . . . Sentry 14 | . . 3 2 6 . . . 1 2 . Specialist 2 | . . . . . . . 2 . . . Programmer 4 | . . . . . . . . . 1 3 Heavy 1 | . . . . . . . 1 . . . Behemoth 2 | . . . . . . . . . 2 . Best Kill Streak 6 | 1 1 5 6 4 5 . 4 3 4 4 Combat Bots Only 4 | . 1 2 4 2 1 . 4 3 4 4 Max Kills in Single Turn 5 | 1 1 3 5 3 2 . 1 1 1 1 Gunslinging . | . . . . . . . . . . . Exploded 3 | . . 1 3 . . . . . . . Melee . | . . . . . . . . . . . Uniques/NPCs Destroyed . | . . . . . . . . . . . Combat | -11 -10 -9 -8 -8 -8 -6 -6 -5 -5 -4 -------- Run | Scr Mat Mat Mat Sto Rec Fac DSF Fac Ext Fac Damage Taken 6436 | . 139 206 299 306 . . 714 330 1100 3342 Core 1664 | . 19 41 24 44 . . 131 66 185 1154 Absorbed by Shields 45 | . . . . 45 . . . . . . Redirected to Shielding 78 | . . 23 46 9 . . . . . . Regen/Repaired (Parts) 23 | . . 23 . . . . . . . . Core Remaining (%) 87 | 100 92 89 . . 87 . 84 . 74 . Volleys Fired 175 | 11 6 20 19 29 10 . 21 10 28 21 Largest 5 | 2 2 2 3 3 3 . 4 5 5 5 Hottest 303 | 90 90 113 140 156 156 . 303 237 237 290 Shots Fired 514 | 22 12 37 33 48 30 . 73 46 112 101 Gun 310 | 22 12 19 . . . . 22 46 112 77 Cannon 173 | . . 13 12 43 30 . 51 . . 24 Launcher 31 | . . 5 21 5 . . . . . . Special . | . . . . . . . . . . . Kinetic 279 | . . 9 . 30 20 . 30 30 84 76 Thermal 194 | 22 12 13 12 13 10 . 43 16 28 25 Explosive 31 | . . 5 21 5 . . . . . . Electromagnetic 10 | . . 10 . . . . . . . . Robot Hit Streak 23 | 3 6 9 4 6 7 . 15 23 23 5 Robot Miss Streak 5 | 4 3 2 3 3 5 . 2 3 3 3 Penetration Max 1 | . . . . . . . . 1 1 1 Secondary Targets 3 | . . . . . . . . 1 2 . Max Gunslinging Chain 1 | . . . . . . . . 1 1 . Shots Hit Robots 316 | 10 7 27 9 23 18 . 55 37 87 43 Core Hits 148 | 4 4 16 16 17 6 . 28 15 28 14 Critical Kills 1 | . . . . . . . . 1 . . Critical Parts Destroyed 3 | . . . . . . . . . 3 . Critical Strikes 11 | . . . . 1 . . . 2 6 2 Burn 3 | . . . . . . . . 1 2 . Destroy 5 | . . . . . . . . 1 4 . Blast 3 | . . . . 1 . . . . . 2 Melee Attacks 5 | . . . . . 5 . . . . . Impact . | . . . . . . . . . . . Slashing . | . . . . . . . . . . . Piercing . | . . . . . . . . . . . Sneak Attacks 2 | . . . . . 2 . . . . . Combat Hostiles . | . . . . . . . . . . . Follow-up Attacks . | . . . . . . . . . . . Damage Inflicted 8710 | 113 79 811 1157 658 349 . 1328 920 2119 1176 Guns 4698 | 113 79 192 . . . . 412 920 2119 863 Cannons 2399 | . . 247 101 474 348 . 916 . . 313 Explosions 1612 | . . 372 1056 184 . . . . . . Melee . | . . . . . . . . . . . Ramming 1 | . . . . . 1 . . . . . Kinetic 4316 | . . 86 . 310 266 . 485 657 1656 856 Thermal 2675 | 113 79 247 101 164 82 . 843 263 463 320 Explosive 1612 | . . 372 1056 184 . . . . . . Electromagnetic 106 | . . 106 . . . . . . . . Impact . | . . . . . . . . . . . Slashing . | . . . . . . . . . . . Piercing . | . . . . . . . . . . . Highest Corruption 6 | . . . . . . . . . 6 1 Average Corruption 4 | . . . . . . . . . 5 1 Corruption Purged . | . . . . . . . . . . . Corruption Blocked . | . . . . . . . . . . . Effects 2 | . . . . . . . . . 2 . Energy Discharges 1 | . . . . . . . . . 1 . Misfires 1 | . . . . . . . . . 1 . Overload Shots . | . . . . . . . . . . . Overflow Damage 105 | . . . 91 . 5 . . . . 9 Projectiles 14 | . . . . . 5 . . . . 9 Explosions 91 | . . . 91 . . . . . . . Melee . | . . . . . . . . . . . Knockbacks 11 | . . . . 1 5 . 1 . . 4 Impact . | . . . . . . . . . . . Kinetic 11 | . . . . 1 5 . 1 . . 4 Secondary . | . . . . . . . . . . . Self-Inflicted Damage 56 | . . . 42 14 . . . . . . Shots 3 | . . . 2 1 . . . . . . Rammed . | . . . . . . . . . . . Targets Rammed 2 | . . . . . 2 . . . . . Kicked 2 | . . . . . 2 . . . . . Crushed . | . . . . . . . . . . . Highest Temperature 894 | 90 100 339 117 219 302 . 224 633 446 894 Average Temperature 134 | 47 42 114 39 55 105 . 84 312 129 349 Received Heat Transfer 828 | . 6 72 117 114 . . 216 126 177 . Effects 29 | . . . . 1 . . . 12 . 16 Shutdowns 6 | . . . . . . . . 2 . 4 Energy Bleed 7 | . . . . 1 . . . 4 . 2 Interference 1 | . . . . . . . . . . 1 Matter Decay 3 | . . . . . . . . . . 3 Short Circuit 3 | . . . . . . . . 2 . 1 Damage (minor) 3 | . . . . . . . . 1 . 2 Damage (major) 3 | . . . . . . . . 3 . . Damage (core) 3 | . . . . . . . . . . 3 Siege Activations . | . . . . . . . . . . . Robots Corrupted . | . . . . . . . . . . . Combat Hostiles . | . . . . . . . . . . . Parts Fried 1 | . . 1 . . . . . . . . Impact Corruptions . | . . . . . . . . . . . Robots Melted 1 | . . . . . . . 1 . . . Combat Hostiles . | . . . . . . . . . . . Parts Melted 8 | . 1 2 . 1 . . 4 . . . Heat Transferred 5158 | 298 211 444 185 296 148 . 1428 592 1036 520 Parts Sabotaged . | . . . . . . . . . . . Parts Stolen . | . . . . . . . . . . . Parts Stripped . | . . . . . . . . . . . Power Chain Reactions . | . . . . . . . . . . . Missiles Intercepted . | . . . . . . . . . . . Alert | -11 -10 -9 -8 -8 -8 -6 -6 -5 -5 -4 ------- Run | Scr Mat Mat Mat Sto Rec Fac DSF Fac Ext Fac Peak Influence 1020 | 15 39 361 439 615 461 1020 939 676 460 448 Initial 1015 | . 9 11 74 185 181 1015 714 492 331 225 Average 327 | 4 24 133 203 389 287 1019 829 583 391 280 Maximum Alert Level 3 | . . 1 2 2 2 3 3 2 2 2 Low Security (%) 32 | 100 100 72 55 9 15 . . . . . Level 1 35 | . . 27 32 38 64 . . . 51 89 Level 2 20 | . . . 11 52 20 . . 100 48 10 Level 3 11 | . . . . . . 100 100 . . . Level 4 . | . . . . . . . . . . . Level 5 . | . . . . . . . . . . . High Security . | . . . . . . . . . . . Max Security . | . . . . . . . . . . . Sterilizations 1 | . . . . . . . 1 . . . Squads Dispatched 8 | . 1 1 1 . . . 2 . 1 2 Investigation 2 | . . 1 1 . . . . . . . Extermination 1 | . . . . . . . . . . 1 Reinforcement 5 | . 1 . . . . . 2 . 1 1 Assault . | . . . . . . . . . . . Garrison . | . . . . . . . . . . . Intercept . | . . . . . . . . . . . Searches Triggered . | . . . . . . . . . . . Construction Impeded 1 | . . . . . . . . . 1 . Haulers Reinforced . | . . . . . . . . . . . Active Scanning Responses . | . . . . . . . . . . . Cargo Convoy Interrupts . | . . . . . . . . . . . Stealth | -11 -10 -9 -8 -8 -8 -6 -6 -5 -5 -4 --------- Run | Scr Mat Mat Mat Sto Rec Fac DSF Fac Ext Fac Distress Signals 5 | . . 1 3 1 . . . . . . Communications Jammed . | . . . . . . . . . . . Distress Signals . | . . . . . . . . . . . Times Spotted 102 | . 2 8 13 13 27 . 9 5 9 16 Peak Tracking Total 7 | . 1 3 5 4 7 . 4 6 4 7 Tactical Retreats 7 | . . 2 2 1 . . 1 1 . . Traps | -11 -10 -9 -8 -8 -8 -6 -6 -5 -5 -4 ------- Run | Scr Mat Mat Mat Sto Rec Fac DSF Fac Ext Fac Traps Triggered 4 | . 1 1 . 2 . . . . . . Indirectly . | . . . . . . . . . . . Trap Hack Attempts . | . . . . . . . . . . . Triggered . | . . . . . . . . . . . Disarmed . | . . . . . . . . . . . Reprogrammed . | . . . . . . . . . . . Reused . | . . . . . . . . . . . Traps Extracted . | . . . . . . . . . . . Installed . | . . . . . . . . . . . Triggered . | . . . . . . . . . . . Machines | -11 -10 -9 -8 -8 -8 -6 -6 -5 -5 -4 ---------- Run | Scr Mat Mat Mat Sto Rec Fac DSF Fac Ext Fac Machines Disabled 13 | . . 1 . 4 . . 1 2 2 3 Max in Single Turn 2 | . . 1 . 2 . . 1 1 2 1 Machines Sabotaged . | . . . . . . . . . . . Garrisons Compromised . | . . . . . . . . . . . Overloaded Fab Kills . | . . . . . . . . . . . Hacking | -11 -10 -9 -8 -8 -8 -6 -6 -5 -5 -4 --------- Run | Scr Mat Mat Mat Sto Rec Fac DSF Fac Ext Fac Machines Accessed 19 | . 1 3 3 3 3 1 . 3 1 1 Terminals 14 | . 1 2 2 2 2 1 . 3 1 . Fabricators . | . . . . . . . . . . . Repair Stations 1 | . . 1 . . . . . . . . Recycling Units 3 | . . . . 1 1 . . . . 1 Scanalyzers 1 | . . . 1 . . . . . . . Garrison Access . | . . . . . . . . . . . Total Hacks 52 | . 4 9 16 5 7 1 . 6 2 2 Successful 35 | . 1 5 14 4 4 1 . 5 1 . Failed 17 | . 3 4 2 1 3 . . 1 1 2 Catastrophic . | . . . . . . . . . . . Database Lockouts . | . . . . . . . . . . . Manual 4 | . . . . 4 . . . . . . Terminals 32 | . 4 6 4 3 6 1 . 6 2 . Fabricators . | . . . . . . . . . . . Repair Stations 3 | . . 3 . . . . . . . . Recycling Units 5 | . . . . 2 1 . . . . 2 Scanalyzers 12 | . . . 12 . . . . . . . Garrison Access . | . . . . . . . . . . . Terminal Hacks 20 | . 1 3 3 2 4 1 . 5 1 . Record 1 | . . 1 . . . . . . . . Prototype ID Bank 2 | . . . 1 1 . . . . . . Open Door 2 | . . . . . . . . 1 1 . Open DSF 2 | . . . . . . 1 . 1 . . Branch Access Points 2 | . 1 . . . . . . 1 . . Emergency Access Points 1 | . . . . . . . . 1 . . Locate Traps 1 | . . 1 . . . . . . . . Dispatch Records 1 | . . . . . 1 . . . . . Maintenance Status 1 | . . . . . 1 . . . . . Surveillance Status 1 | . . . . . 1 . . . . . Investigation Status 1 | . . 1 . . . . . . . . Reinforcement Status 2 | . . . . 1 1 . . . . . Hauler Manifests 1 | . . . 1 . . . . . . . Zone Layout 2 | . . . 1 . . . . 1 . . Fabricator Hacks . | . . . . . . . . . . . Repair Station Hacks 2 | . . 2 . . . . . . . . Scan Component 1 | . . 1 . . . . . . . . Repair 1 | . . 1 . . . . . . . . Recycling Unit Hacks 2 | . . . . 2 . . . . . . Process 1 | . . . . 1 . . . . . . Report Inventory 1 | . . . . 1 . . . . . . Scanalyzer 11 | . . . 11 . . . . . . . Insert Component 5 | . . . 5 . . . . . . . Analyze 6 | . . . 6 . . . . . . . Garrison Access Hacks . | . . . . . . . . . . . Unauthorized Hacks . | . . . . . . . . . . . Terminals . | . . . . . . . . . . . Fabricators . | . . . . . . . . . . . Repair Stations . | . . . . . . . . . . . Recycling Units . | . . . . . . . . . . . Scanalyzers . | . . . . . . . . . . . Garrison Access . | . . . . . . . . . . . Data Cores Recovered 1 | . . . . . . . . . . 1 Used . | . . . . . . . . . . . Hacking Detections 14 | . 1 2 2 2 3 1 . 1 1 1 Full Trace Events 1 | . . . 1 . . . . . . . Feedback Events . | . . . . . . . . . . . Feedback Blocked . | . . . . . . . . . . . Robot Schematics Acquired . | . . . . . . . . . . . Robots Built . | . . . . . . . . . . . Authchips . | . . . . . . . . . . . Time . | . . . . . . . . . . . Total Robot Build Rating . | . . . . . . . . . . . Part Schematics Acquired 5 | . . . 5 . . . . . . . Parts Built . | . . . . . . . . . . . Authchips . | . . . . . . . . . . . Time . | . . . . . . . . . . . Total Part Build Rating . | . . . . . . . . . . . Parts Repaired 1 | . . 1 . . . . . . . . Time 26 | . . 26 . . . . . . . . Parts Recycled . | . . . . . . . . . . . Recycled Matter 13 | . . . . 13 . . . . . . Retrieved Matter . | . . . . . . . . . . . Retrieved Components . | . . . . . . . . . . . Parts Scanalyzed 5 | . . . 5 . . . . . . . Part Schematics Acquired 5 | . . . 5 . . . . . . . Parts Damaged . | . . . . . . . . . . . Bothacking | -11 -10 -9 -8 -8 -8 -6 -6 -5 -5 -4 ------------ Run | Scr Mat Mat Mat Sto Rec Fac DSF Fac Ext Fac Used RIF Installer . | . . . . . . . . . . . Robots Hacked 1 | . . . . . 1 . . . . . Non-combat 1 | . . . . . 1 . . . . . Combat . | . . . . . . . . . . . Robot Hacks Applied 2 | . . . . . 2 . . . . . no_distress 1 | . . . . . 1 . . . . . find_recycling 1 | . . . . . 1 . . . . . Relay Couplers Released . | . . . . . . . . . . . Fabnet Peak Effective % . | . . . . . . . . . . . Robots Rewired . | . . . . . . . . . . . Allies Hacked . | . . . . . . . . . . . Hacks Repelled . | . . . . . . . . . . . Allies | -11 -10 -9 -8 -8 -8 -6 -6 -5 -5 -4 -------- Run | Scr Mat Mat Mat Sto Rec Fac DSF Fac Ext Fac Total Allies . | . . . . . . . . . . . Largest Group . | . . . . . . . . . . . Highest-Rated Group . | . . . . . . . . . . . Highest-Rated Ally . | . . . . . . . . . . . Total Orders . | . . . . . . . . . . . Ally Attacks . | . . . . . . . . . . . Total Damage . | . . . . . . . . . . . Kills . | . . . . . . . . . . . Allies Corrupted . | . . . . . . . . . . . Allies Melted . | . . . . . . . . . . . Intel | -11 -10 -9 -8 -8 -8 -6 -6 -5 -5 -4 ------- Run | Scr Mat Mat Mat Sto Rec Fac DSF Fac Ext Fac Robot Analysis Total . | . . . . . . . . . . . Derelict Logs Recovered . | . . . . . . . . . . . Drone Launches . | . . . . . . . . . . . Drone Recoveries . | . . . . . . . . . . . Exploration | -11 -10 -9 -8 -8 -8 -6 -6 -5 -5 -4 ------------- Run | Scr Mat Mat Mat Sto Rec Fac DSF Fac Ext Fac Turns Passed 3332 | 119 252 511 376 519 470 118 272 113 248 334 Spaces Moved 2067 | 63 182 331 238 325 337 89 115 58 123 206 Core 13 | 11 . . . . . . . . . 2 Treads . | . . . . . . . . . . . Legs 2054 | 52 182 331 238 325 337 89 115 58 123 204 Wheels . | . . . . . . . . . . . Hover . | . . . . . . . . . . . Flight . | . . . . . . . . . . . Fastest Speed 50 | 50 120 120 120 123 123 123 120 120 120 120 Average Speed 121 | 107 120 120 121 123 123 123 124 120 120 121 Slowest Speed 250 | 120 120 120 123 123 123 123 193 120 120 250 Overloaded Moves . | . . . . . . . . . . . Propulsion Burnouts . | . . . . . . . . . . . Robots Hopped . | . . . . . . . . . . . Cave-ins Triggered . | . . . . . . . . . . . Exploration Rate (%) 30 | 5 35 24 19 36 84 2 92 2 26 8 Regions Visited 10 Branch Regions 3 Pre-discovered Areas . | . . . . . . . . . . . Known Exits Taken 2 | . . . . . . 1 . 1 . . Unknown Exits Taken 7 | 1 1 1 1 1 1 . . . 1 . Scrap Searched . | . . . . . . . . . . . Spaces Dug . | . . . . . . . . . . . Terrain Destroyed 194 | . . 27 71 73 6 . . . 2 15 Melee . | . . . . . . . . . . . Projectile 29 | . . . 1 5 6 . . . 2 15 AOE 165 | . . 27 70 68 . . . . . . Terrain Rammed . | . . . . . . . . . . . Walls Destroyed . | . . . . . . . . . . . Machines Disabled . | . . . . . . . . . . . Actions | -11 -10 -9 -8 -8 -8 -6 -6 -5 -5 -4 --------- Run | Scr Mat Mat Mat Sto Rec Fac DSF Fac Ext Fac Total 2554 | 92 204 413 298 400 367 97 192 79 167 245 Wait 52 | . 1 7 16 10 9 . 5 1 3 . Move 2057 | 62 181 330 237 324 336 88 114 57 122 206 Hop . | . . . . . . . . . . . Pick Up 105 | 10 10 23 10 13 . 3 20 3 7 6 Fast Attach . | . . . . . . . . . . . Attach 34 | 7 2 3 2 3 . 3 4 2 5 3 Detach . | . . . . . . . . . . . Swap 58 | 1 2 10 4 11 5 2 13 4 2 4 Drop 66 | 1 2 20 10 10 . 1 15 2 . 5 Fire 175 | 11 6 20 19 29 10 . 21 10 28 21 Melee 5 | . . . . . 5 . . . . . Ram . | . . . . . . . . . . . Kick 2 | . . . . . 2 . . . . . Crush . | . . . . . . . . . . . Escape Stasis . | . . . . . . . . . . . Rewire . | . . . . . . . . . . . Trap . | . . . . . . . . . . . Miscellaneous . | . . . . . . . . . . . Route ------- -11/Scrapyard -10/Materials (discovered 2 exits: *Mat / Min) -9/Materials -8/Materials -8/Storage -8/Recycling -6/Factory -6/DSF -5/Factory (discovered 4 exits: *Upp x2 / *Ext x2) -5/Extension -4/Factory History --------- Turn | Location | Event 4 | -11/Scrapyard | Discovered new exit (range 16) 120 | -11/Scrapyard | Entered Materials 225 | -10/Materials | Discovered new exit (range 16) 304 | -10/Materials | Build established: Mutant 362 | -10/Materials | Identified exit to Mines 372 | -10/Materials | Entered another Materials area 372 | -9/Materials | Evolved 2 slots: Propulsion x1, Utility x1 689 | -9/Materials | Repaired Weapon Shielding 800 | -9/Materials | Discovered new exit (range 4) 883 | -9/Materials | Entered another Materials area 883 | -8/Materials | Evolved 2 slots: Utility x1, Weapon x1 1151 | -8/Materials | Discovered new exit (range 16) 1259 | -8/Materials | Entered Storage 1688 | -8/Storage | Used back door to open Recycling access 1688 | -8/Storage | Discovered new exit (range 5) 1778 | -8/Storage | Entered Recycling 1832 | -8/Recycling | Spotter reported a threat 1852 | -8/Recycling | Spotter reported a threat 1867 | -8/Recycling | Spotter reported a threat 1930 | -8/Recycling | Spotter reported a threat 1948 | -8/Recycling | Spotter reported a threat 1960 | -8/Recycling | Spotter reported a threat 1966 | -8/Recycling | Spotter reported a threat 1967 | -8/Recycling | Spotter reported a threat 1977 | -8/Recycling | Spotter reported a threat 1988 | -8/Recycling | Spotter reported a threat 1993 | -8/Recycling | Spotter reported a threat 1994 | -8/Recycling | Spotter reported a threat 2013 | -8/Recycling | Spotter reported a threat 2019 | -8/Recycling | Spotter reported a threat 2020 | -8/Recycling | Spotter reported a threat 2030 | -8/Recycling | Spotter reported a threat 2035 | -8/Recycling | Spotter reported a threat 2041 | -8/Recycling | Spotter reported a threat 2047 | -8/Recycling | Spotter reported a threat 2066 | -8/Recycling | Spotter reported a threat 2072 | -8/Recycling | Spotter reported a threat 2088 | -8/Recycling | Spotter reported a threat 2100 | -8/Recycling | Spotter reported a threat 2119 | -8/Recycling | Spotter reported a threat 2147 | -8/Recycling | Build established: Gunner 2147 | -8/Recycling | Spotter reported a threat 2151 | -8/Recycling | Spotter reported a threat 2158 | -8/Recycling | Spotter reported a threat 2198 | -8/Recycling | Discovered new exit (range 16) 2242 | -8/Recycling | Spotter reported a threat 2242 | -8/Recycling | Spotter reported a threat 2248 | -8/Recycling | Entered Factory 2248 | -6/Factory | Evolved 4 slots: Propulsion x1, Utility x2, Weapon x1 2254 | -6/Factory | Identified exit to DSF 2366 | -6/Factory | Entered DSF 2396 | -6/DSF | Additional patrols routed to DSF 2561 | -6/DSF | Sterilization system engaged 2581 | -6/DSF | Ambient heat levels rising (+10) 2596 | -6/DSF | Ambient heat levels rising (+10) 2611 | -6/DSF | Ambient heat levels rising (+10) 2623 | -6/DSF | Discovered new exit (range 14) 2626 | -6/DSF | Ambient heat levels rising (+10) 2638 | -6/DSF | Entered Factory 2638 | -5/Factory | Evolved 2 slots: Utility x1, Weapon x1 2642 | -5/Factory | Discovered new exit (range 7) 2672 | -5/Factory | Identified exit to Upper Caves 2672 | -5/Factory | Identified exit to Extension 2751 | -5/Factory | Entered Extension 2830 | -5/Extension | Build established: Scavenger-Gunner 2840 | -5/Extension | Spotted B-75 Beast 2857 | -5/Extension | Destroyed B-75 Beast 2868 | -5/Extension | Spotted B-75 Beast 2945 | -5/Extension | Destroyed B-75 Beast 2973 | -5/Extension | Lost 3 parts (1p1n1w) 2997 | -5/Extension | Discovered new exit (range 3) 2999 | -5/Extension | Entered Factory 2999 | -4/Factory | Evolved 2 slots: Propulsion x1, Utility x1 3249 | -4/Factory | Build established: Scavenger-Tank 3326 | -4/Factory | Core integrity fell below 50% 3329 | -4/Factory | Core integrity fell below 20% 3333 | -4/Factory | Destroyed by X-82 Rainmaker with Heavy Flak Cannon Last Messages --------------- Overheating: Core damaged (-218). Penetrated by Slug. Hardcell Cannon destroyed. Hvy. Plasma Cannon destroyed. Penetrated by Slug. KE Penetrator destroyed. Knocked back. Penetrated by Slug. Power failure, Neutrino Core shutdown. Overheating: System interference. Adv. Targeting Computer temporarily disabled. Knocked back. H-77 Assassin knocked back. Knocked back. X-82 Rainmaker knocked back. Knocked back. K-01 Serf collects debris. Penetrated by Slug. Knocked back. Overheating: Matter decay (-35). Map ----- +----------------------------------------------------+ | ?????????????????????????????????????????????????? | | ?????????????????????????????????????????????????? | | ?????????????????????????????? ????????????????? | | ?????????????????????????????"=!?????????????????? | | ??????#####???################+#?????????????????? | | ?????# ???# #?????????????????? | | ?????# ???# #????????????? ???? | | ?????+ = ???# #?????????" "??? | | ?????# ???# #????????"" ??? | | ?????# ???# #???????""" ?? | | ?????# ???? +??????? ??? | | ?????# ?????? #?????? ????? | | ?????# """??????? ! ##???? ??????? | | ???? # """"???????? %!%*"###? #???????? | | ???? # """"?#########w#%"##="##;## " !#???????? | | """" # """"#" !%* !! *]!%x" !%##??????? | | """" # """"## H! ^ %%]! " =##??????? | | """" # """"## "" " """"" % =x! #???????? | | """" # """"## " """" """ k #???????? | | """" # ## k"""" """"""k #???????? | | # ## " "" """h #???????? | | ##+######/##### ^ ^ #???????? | | #???????? | | +???????? | | " ?????? | | @ w # "????? | | ####### ######## # ????? | | ##+##################?????#+#??????? #?##????? | | #^ ??????????????????????????????? #???????? | | # ""????????????????????????????? ??????? | | # """"" ???????????????????????????? ??????? | | [# """"" ??????????????????????????? """???????? | | # ????????????????????????????????????????? | | # ]???????????????????????????????????????? | | # ???????????????????????????????????????? | | # ????????????????????????????????????????? | | # " " ?????????????????????????????????????????? | | #####???????????????????????????????????????????? | | #???????????????????????????????????????????????? | | #???????????????????????????????????????????????? | | ##???????????????????????????????????????????????? | | ?????????????????????????????????????????????????? | | ?????????????????????????????????????????????????? | | ?????????????????????????????????????????????????? | | ?????????????????????????????????????????????????? | | ?????????????????????????????????????????????????? | | ?????????????????????????????????????????????????? | | ?????????????????????????????????????????????????? | | ?????????????????????????????????????????????????? | | ?????????????????????????????????????????????????? | +----------------------------------------------------+ Best States ------------- Heat Dissipation 62 Energy Generation 18 Energy Capacity 315 Matter Stores 300 Matter Capacity 300 Sight Range 20 Robot Scan Range 14 Terrain Scan Density 10 Armor Coverage 450 Power Shielding 66 Weapon Shielding 33 Weapon Cycling 15 Evasion (%) 61 Targeting Accuracy 16 Recoil Reduction 6 Authchip Count 1 Item Schematics ----------------- Imp. Grenade Launcher | -8/Materials | Scanalyzed Deuterium Engine | -8/Materials | Scanalyzed Adv. Visual Processing Unit | -8/Materials | Scanalyzed Shield Generator | -8/Materials | Scanalyzed Aluminum Leg | -8/Materials | Scanalyzed Robot Schematics ------------------ None Fabricated ------------ Nothing Alien Tech Used ----------------- None Achievements -------------- It's Just You \\IAMDERELICT Challenges ------------ None Game ------ Seed DrainedAssaultBoregun Manual? 0 Play Time 01:22:24 Cumulative 10.9 hours Start 2022.03.18 @ 16:36:43 End 2022.03.19 @ 14:47:53 Sessions 2 Manual Loads 0 Difficulty Rogue Special Mode None Game No. 9 Rogue 9 Adventurer 0 Explorer 0 Win Type - Total 0 Types 0/0/0/0/0/0/0/0/0 Lore% 6 Gallery% 24 Achievement% 15 Wizard Run 0 Options --------- ASCII 0 Keyboard 0 Movement Numpad Keybinds 0 Fullscreen 1 Font 18/SmallcapsGlow Map View 76x50 Tactical HUD 0 Map Filters NONE Filters NONE Steam 1 RUN: fdd0bc25-906a-43c3-9201-59f135afd05c